 Dungeon Crawl Stone Soup version 0.30-a0-760-g5a9884bb7c (webtiles) character file.

Game seed: 10780137582575452565

281 runemasterragnar the Trooper (level 6, 0/42 HPs)
             Began as a Gargoyle Fighter on Feb 11, 2023.
             Was a Follower of Wu Jian.
             Slain by Edmund
             ... wielding a +1 heavy flail
              (8 damage)
             ... on level 5 of the Dungeon.
             The game lasted 00:04:44 (2920 turns).

runemasterragnar the Trooper (Gargoyle Fighter)     Turns: 2920, Time: 00:04:45

Health: 0/42       AC: 12    Str: 22    XL:     6   Next: 27%
Magic:  6/6        EV:  8    Int: 11    God:    Wu Jian [*.....]
Gold:   215        SH:  8    Dex:  9    Spells: 5/5 levels left

rFire   + . .      SeeInvis .    a - +0 long sword
rCold   . . .      Faith    .    g - +0 kite shield
rNeg    + . .      Spirit   .    b - +0 scale mail
rPois   ∞          Reflect  .    (no helmet)
rElec   +          Harm     .    (no cloak)
rCorr   .          Rampage  .    (no gloves)
Will    .....                    o - +0 pair of boots Stlth
                                 (no amulet)
HPRegen 0.27/turn                w - ring of Desertification {rPois rF+ Str+3}
MPRegen 0.10/turn                (no ring)

@: mighty, flying (expiring)
A: sickness immunity, AC +4, negative energy resistance 1, electricity
resistance, torment resistance 1, petrification resistance, robust 1
a: Renounce Religion


You were on level 5 of the Dungeon.
You worshipped Wu Jian.
Wu Jian was aware of your devotion.
You visited 1 branch of the dungeon, and saw 6 of its levels.

You collected 215 gold pieces.

Inventory:

Hand Weapons
 a - a +0 long sword (weapon)
Missiles
 l - 2 datura-tipped darts (quivered)
Armour
 b - a +0 scale mail (worn)
 c - a +0 buckler
 g - a +0 kite shield (worn)
 o - a +0 pair of boots (worn)
 q - a +0 helmet
Jewellery
 w - the ring of Desertification (left hand) {rPois rF+ Str+3}
   (You found it on level 3 of the Dungeon)

   [ring of poison resistance]

   Str:       It affects your strength (+3).
   rF:        It protects you from fire.
   rPois:     It protects you from poison.
Wands
 t - a wand of charming (7)
Scrolls
 h - a scroll of torment {unknown}
 i - a scroll of magic mapping
Potions
 e - a potion of berserk rage {unknown}
 f - a potion of invisibility {unknown}
 j - a potion of cancellation
 k - a potion of degeneration {unknown}
 r - a potion of attraction {unknown}
 s - a potion of curing {unknown}


   Skills:
 + Level 4.4 Fighting
 * Level 3.9 Long Blades
 + Level 4.3 Armour
 + Level 4.0 Shields
 + Level 1.2 Evocations


You had 5 spell levels left.
You didn't know any spells.
Your spell library contained the following spells:

 Spells                   Type           Power      Damage    Failure   Level
 Freeze                   Ice            0%         1d3       95%         1
 Magic Dart               Conj           0%         1d3       95%         1
 Shock                    Conj/Air       0%         1d3       95%         1
 Call Imp                 Summ           0%         N/A       99%         2
 Frozen Ramparts          Ice            0%         1d1       100%        3
 Gell's Gravitas          Tloc           0%         N/A       100%        3
 Hailstorm                Conj/Ice       0%         3d3       100%        3
 Mephitic Cloud           Conj/Pois/Air  0%         N/A       100%        3
 Swiftness                Air            0%         N/A       100%        3
 Teleport Other           Tloc           0%         N/A       100%        3
 Airstrike                Air            0%         2d(0-16)  100%        4
 Dispersal                Tloc           0%         N/A       100%        6


Dungeon Overview and Level Annotations

Branches:
Dungeon (6/15)
 Temple: D:4-7

Altars:
Trog
Wu Jian

Shops:
D:1 =

Annotations:
D:5 Edmund


Innate Abilities, Weirdness & Mutations

You are immune to sickness and miasma.
Your stone body is resilient. (AC +4)
You are immune to poison.
You resist negative energy. (rN+)
You are resistant to electric shocks. (rElec)
You are resistant to unholy torment.
You are immune to petrification.
You are robust. (+10% HP)


Message History

You kill the orc priest!
The Council accepts your kill. You block the orc's attack.
Items here: )) [[ †††.
You slash the orc!
You kill the orc!
The Council accepts your kill.
Things that are here:
a +0 flail; a +0 leather armour You see here a +0 hand axe.
Edmund the Younger comes into view.
He is wielding a +1 heavy flail and carrying a wand of digging (4).
Edmund shouts!
You lunge at Edmund.
You hit Edmund but do no damage.
Edmund says, "A flail is better than a scythe, any day of the week!"
Edmund hits you with a +1 heavy flail.
You slash Edmund!
Edmund is lightly wounded.
Edmund hits you but does no damage.
You hit Edmund.
Edmund is moderately wounded.
You are starting to lose your buoyancy.
Edmund completely misses you.
You barely miss Edmund.
Edmund is moderately wounded.
You block Edmund's attack.
You slash Edmund!
Edmund is heavily wounded.
Edmund says, "People will remember me!
They'll remember me and die!"
Edmund hits you with a +1 heavy flail.
You barely miss Edmund.
Edmund is heavily wounded.
Edmund hits you with a +1 heavy flail!
* * * LOW HITPOINT WARNING * * *
You hit Edmund.
Edmund is heavily wounded.
Edmund closely misses you.
You hit Edmund.
Edmund is severely wounded.
Edmund hits you with a +1 heavy flail!
You die...

,,,,,,**,*.###...,,,....#**,*,,**
,,,,,,**,.........,.....# *,*,,**
,,,,,,,*,........###....#**,*,,*,
,*,*,,,*,..............,,,,,,,,,,
,,,,,,,,,............#,,#,*,*,,*,
,,,,,,,,,............#,.#,#.*,,,,
,****,,*,*,#.........#,.#...,,,*,
,* *,,*,*,#.........+......,,,,,
,****,,,,*,###..@....#..#...,,,**
,,,,,,,,,......@...........$.,,**
,,,,,,,,,............#........,,*
****,*,**#.##......#.#..#.....,,,
* *,*,**#,*#...............#.,,*
****,*,,,,,,........))........,,*
,,,,,**,**,##......#)#......#.,,*
****,**,**,*#......#)#........,,*
,,,,,**,**,**..?...+..<.......,,,


You could see Edmund.

Vanquished Creatures
  A hound (D:6)
  An orc priest (D:5)
  2 orc wizards
  2 iguanas (D:6)
  3 adders
  2 worms
  3 dart slugs
  6 orcs
  7 ball pythons
  3 bats
  10 endoplasms
  4 giant cockroaches
  3 goblins
  6 hobgoblins
  5 frilled lizards
  11 kobolds
  11 rats
80 creatures vanquished.

Notes
Turn   | Place    | Note
-------+----------+-------------------------------------------
     0 | D:1      | runemasterragnar the Gargoyle Fighter began the quest for
                  | the Orb.
     0 | D:1      | Reached XP level 1. HP: 14/14 MP: 1/1
   117 | D:1      | Reached XP level 2. HP: 10/19 MP: 2/2
   232 | D:1      | Found Sipreerr's Jewellery Boutique.
   310 | D:1      | Reached XP level 3. HP: 23/23 MP: 3/3
  1185 | D:2      | Reached XP level 4. HP: 29/29 MP: 4/4
  1240 | D:2      | Found a faded altar of an unknown god.
  1352 | D:2      | Prayed at the altar of an unknown god.
  1352 | D:2      | Became a worshipper of the Wu Jian Council
  1352 | D:2      | Reached * piety under Wu Jian
  2267 | D:3      | Identified the ring of Desertification {rPois rF+ Str+3}
  2353 | D:4      | You fall into a shaft and drop 2 floors!
  2370 | D:6      | Found a bloodstained altar of Trog.
  2387 | D:6      | Reached XP level 5. HP: 14/33 MP: 5/5
  2492 | D:6      | Gained mutation: You have a pair of small horns on your
                  | head. [potion of mutation]
  2492 | D:6      | Gained mutation: Your mind is acute. (Int +4, Str/Dex -1)
                  | [potion of mutation]
  2509 | D:6      | Lost mutation: You have a pair of small horns on your head.
                  | [potion of mutation]
  2509 | D:6      | Lost mutation: Your mind is acute. (Int +4, Str/Dex -1)
                  | [potion of mutation]
  2509 | D:6      | Gained mutation: You are robust. (+10% HP) [potion of
                  | mutation]
  2824 | D:6      | Reached skill level 1 in Evocations
  2849 | D:5      | Entered Level 5 of the Dungeon
  2875 | D:5      | Reached XP level 6. HP: 41/42 MP: 6/6
  2908 | D:5      | Noticed Edmund
  2920 | D:5      | Slain by Edmund

Illustrated notes

Levels and vault maps discovered:
D:1:      minmay_arrival_floating_metal, layout_rooms, serial_shops,
          nicolae_square_shop, hangedman_decor_clover_reticule, minmay_bisected
D:2:      layout_loops_cross, basic_ecumenical_altar, roderic_serpentine_path,
          minmay_octomino_j4
D:3:      layout_basic
D:4:      layout_loops_ring, mainiacjoe_overflow_paths,
          lemuel_coloured_pillars_altar, nicolae_overflow_hidden_temple,
          lemuel_doored_altar, minmay_temple_entry_mini_moons,
          pf_guarded_unrand_meek
D:5:      layout_basic, enter_ossuary_4, uniq_edmund
D:6:      layout_layer_cave, lemuel_crystal_altar, overflow_temple_1_default,
          mainiacjoe_overflow_cross_hatched, hangedman_decor_riveting,
          kennysheep_cross_room

Skill      XL: |  1  2  3  4  5  6 |
---------------+-------------------+-----
Long Blades    | 2 3 |  3.9
Fighting       | 4 |  4.4
Armour         | 4 |  4.3
Evocations     | 1 |  1.2
Shields        | 4 |  4.0

Action                     |  1- 3 |  4- 6 || total
---------------------------+-------+-------++-------
  Melee: Long sword        |   133 |   167 ||   300
         Headbutt          |       |     1 ||     1
Ability: Lunge             |       |     9 ||     9
    Use: Potion            |       |     7 ||     7
         Scroll            |       |     5 ||     5
 Armour: Scale mail        |    95 |    93 ||   188
  Dodge: Dodged            |    77 |    66 ||   143
  Block: Buckler           |     1 |       ||     1
         Kite shield       |    16 |    79 ||    95

Table legend: (Time is in decaauts)
 A = Elapsed time spent in this place.
 B = Non-inter-level travel time spent in this place.
 C = Inter-level travel time spent in this place.
 D = Time resting spent in this place.
 E = Time spent auto-exploring this place.
 F = Levels seen in this place.
 G = Mean time per level.
                   A        B        C        D        E       F      G
               +--------+--------+--------+--------+--------+-----+--------+
         Total |   3050 |   2912 |    138 |    203 |   1974 |   6 |  508.3 |
       Dungeon |   3050 |   2912 |    138 |    203 |   1974 |   6 |  508.3 |
               +--------+--------+--------+--------+--------+-----+--------+

Top non-repeatable levels by time:
     D:1: 993 daAuts
     D:2: 938 daAuts
     D:3: 523 daAuts
     D:6: 510 daAuts
     D:5: 84 daAuts
